AoeStats
← Capt_Obv

Arena

509228976Analyzed
1v1 RM · 5d ago on Sep 26, 2026· 51m 20s· 2 players
Game mode
Random Map
Map size
Tiny (2 player)
Population
200
Speed
Normal
Resources
Standard
Victory
Conquest
Starting age
Dark Age
Ending age
Imperial Age
RankedLock teamsTeams togetherTeam positionsShared explorationLock speedFull tech treeHidden civsTurbo modeCheats
Victory
Defeat
🇦🇷 Khmer · Argentina
302
+7
🇺🇸 Celts · United States
94
-7
Capt_Obv
11:44 Feudal Age
18:45 Castle Age
18:39 Double-Bit Axe
19:30 Man-at-Arms
19:56 Gambesons
19:57 Arson
20:23 Horse Collar
20:59 Loom
22:29 Long Swordsman
22:30 Pikeman
24:16 Scale Mail Armor
44:11 Light Cavalry
48:12 Stronghold
soyjimenez_82
10:09 Feudal Age
21:27 Castle Age
19:13 Loom
28:17 Tusk Swords
34:43 Imperial Age
32:34 Husbandry
34:36 Bloodlines
39:05 Herbal Medicine
39:46 Theocracy
39:34 Sanctity
39:40 Elite Battle Elephant
Connection lost

Rejoining the realm…

Still unreachable

The connection could not be restored.

Session expired

The server has moved on; the page needs a fresh start.